 Dungeon Crawl Stone Soup version 0.30-a0-652-gcc886f7154 (webtiles) character file.

Game seed: 15084298788845591450

7760 bmack86 the Cleaver (level 11, -9/95 HPs)
             Began as a Minotaur Fighter on Jan 17, 2023.
             Was a Believer of Okawaru.
             Mangled by a demonic crawler (13 damage)
             ... on level 1 of the Abyss.
             The game lasted 00:20:48 (8700 turns).

bmack86 the Cleaver (Minotaur Fighter)              Turns: 8700, Time: 00:20:49

Health: -9/95      AC: 24    Str: 26    XL:     11   Next: 1%
Magic:  9/12       EV:  9    Int:  5    God:    Okawaru [**....]
Gold:   398        SH:  7    Dex:  9    Spells: 10/10 levels left

rFire   . . .      SeeInvis .    a - +1 war axe
rCold   + . .      Faith    .    c - +0 buckler
rNeg    . . .      Spirit   .    D - +0 plate armour
rPois   .          Reflect  .    I - +1 hat
rElec   .          Harm     .    (no cloak)
rCorr   .          Rampage  .    (no gloves)
Will    .....                    w - +2 pair of boots Stlth
                                 (no amulet)
HPRegen 0.35/turn                k - ring of protection from cold
MPRegen 0.13/turn                p - +4 ring of protection

@: heroic
A: horns 2, retaliatory headbutt
a: Renounce Religion, Heroism


You were on level 1 of the Abyss.
You worshipped Okawaru.
Okawaru was pleased with you.
You visited 2 branches of the dungeon, and saw 10 of its levels.
You visited the Abyss 1 time.
You also visited: Sewer.

You collected 422 gold pieces.
You spent 24 gold pieces at shops.

Inventory:

Hand Weapons
 a - a +1 war axe (weapon)
 A - a +2 heavy war axe
Missiles
 f - 6 boomerangs (quivered)
 t - 4 curare-tipped darts
 u - 3 javelins
 C - 2 throwing nets
Armour
 c - a +0 buckler (worn)
 w - a +2 pair of boots (worn)
 D - a +0 plate armour (worn)
 I - a +1 hat (worn)
Jewellery
 k - a ring of protection from cold (left hand)
 p - a +4 ring of protection (right hand)
 y - a ring of see invisible
Wands
 o - a wand of light (22)
 x - a wand of iceblast (16)
 E - a wand of flame (26)
 G - a wand of polymorph (9)
Scrolls
 g - 2 scrolls of poison
 i - 2 scrolls of enchant weapon
 n - a scroll of identify
 s - 6 scrolls of teleportation
 B - a scroll of enchant armour
Potions
 b - a potion of haste
 d - 4 potions of might
 e - 4 potions of brilliance
 h - 5 potions of cancellation
 j - a potion of flight
 l - a potion of magic
 m - a potion of heal wounds
 q - 8 potions of curing
 r - 2 potions of lignification
 v - a potion of attraction
 z - a potion of ambrosia
 F - a potion of mutation
 H - a potion of berserk rage {unknown}


   Skills:
 + Level 8.9(13.9) Fighting
 * Level 11.7(16.7) Axes
 + Level 6.6(11.6) Throwing
 + Level 8.9(13.9) Armour
 + Level 8.9(13.9) Shields
 + Level 3.6 Invocations


You had 10 spell levels left.
You didn't know any spells.
Your spell library contained the following spells:

 Spells                   Type           Power      Damage    Failure   Level
 Sandblast                Erth           0%         2d4       99%         1
 Passwall                 Tmut/Erth      0%         N/A       100%        2
 Sublimation of Blood     Necr           0%         N/A       100%        2
 Stone Arrow              Conj/Erth      0%         3d7       100%        3
 Petrify                  Tmut/Erth      0%         N/A       100%        4
 Irradiate                Conj/Tmut      0%         3d11      100%        5


Dungeon Overview and Level Annotations

Branches:
Dungeon (9/15)             Temple (1/1) D:6           Sewer (visited)
   Lair: D:8-11         Orc: D:9-12

Altars:
Ashenzari
Cheibriados
Dithmenos
Elyvilon
Fedhas
Gozag
Hepliaklqana
Kikubaaqudgha
Makhleb
Nemelex Xobeh
Okawaru
Qazlal
Ru
Sif Muna
Trog
Uskayaw
Vehumet
Wu Jian
Xom
Yredelemnul
Zin
The Shining One

Shops:
D:1 (   D:4 ?*=((

Annotations:
D:3 1 runed translucent door, Crazy Yiuf
D:9 Psyche


Innate Abilities, Weirdness & Mutations

You have a pair of horns on your head.
You reflexively headbutt those who attack you in melee.


Message History

You slash the demonic crawler!
Your headbutt misses the demonic crawler.
The demonic crawler is heavily wounded.
The demonic crawler hits you but does no damage.
The demonic crawler barely misses you.
The demonic crawler hits you but does no damage.
The red draconian barely misses you.
You slice the demonic crawler!!
The demonic crawler is severely wounded.
You block the demonic crawler's attack.
The demonic crawler completely misses you.
The demonic crawler hits you!
* * * LOW HITPOINT WARNING * * *
The red draconian misses you.
You barely miss the demonic crawler.
You headbutt the demonic crawler, but do no damage.
The demonic crawler is heavily wounded.
The demonic crawler barely misses you. You furiously retaliate!
You headbutt the demonic crawler. You block the demonic crawler's attack.
The demonic crawler hits you.
* * * LOW HITPOINT WARNING * * *
The red draconian hits you but does no damage.
You barely miss the demonic crawler.
The demonic crawler is heavily wounded.
The demonic crawler hits you!
* * * LOW HITPOINT WARNING * * *
The demonic crawler hits you!
* * * LOW HITPOINT WARNING * * *
The demonic crawler closely misses you.
You slash the demonic crawler!
Your headbutt misses the demonic crawler.
The demonic crawler is heavily wounded.
The red draconian closely misses you.
The demonic crawler hits you but does no damage.
The demonic crawler misses you.
The demonic crawler hits you but does no damage.
You slice the demonic crawler!!
The demonic crawler is almost dead.
You block the demonic crawler's attack. The demonic crawler hits you!
You die...

.#≈ . ≈≈ # .~
~. .# #~≈ .# ..
~~≈≈ .# .#
~~~≈.#. ..#
~≈~~...##..#...
#@sd..#
#.#.##..#
≈≈.#.## .# ~~
#. ~≈♣ .. ≈~
#.# ~ #. ##


You could see a red draconian and a demonic crawler.

Vanquished Creatures
  Erica (D:9)
  A sixfirhy (Abyss:1)
  Pikel (D:6)
  An ancient zyme (Abyss:1)
  Grinder (D:6)
  A hornet (D:9)
  A large abomination (Abyss:1)
  A wyvern (D:7)
  A wraith (Abyss:1)
  Eustachio (D:5)
  A steam dragon (D:7)
  4 vampire mosquitoes (D:8)
  3 water moccasins
  A sky beast (D:6)
  Pargi (Sewer)
  3 orc warriors
  3 ice beasts
  4 black bears
  4 ogres (D:5)
  3 centaurs
  2 lemures (D:6)
  2 phantoms
  A kobold brigand (D:7)
  3 bullfrogs
  6 scorpions
  2 gnoll sergeants
  5 wights (D:8)
  A jelly (D:5)
  A howler monkey (D:4)
  4 hounds
  4 orc priests
  5 gnoll boudas
  Jessica (D:3)
  An iguana (D:5)
  Terence (D:3)
  4 orc wizards
  32 gnolls
  10 adders
  2 white imps (D:7)
  2 ufetubi
  A dart slug (D:5)
  29 orcs
  8 bats
  8 endoplasms
  2 giant cockroaches
  5 hobgoblins
  A jackal (D:5)
  15 kobolds
  7 quokkas
  5 ball pythons
  A frilled lizard (D:1)
  7 goblins
  7 rats
222 creatures vanquished.

Vanquished Creatures (others)
  5 fungi (D:3)
5 creatures vanquished.

Grand Total: 227 creatures vanquished

Notes
Turn   | Place    | Note
-------+----------+-------------------------------------------
     0 | D:1      | bmack86 the Minotaur Fighter began the quest for the Orb.
     0 | D:1      | Reached XP level 1. HP: 19/19 MP: 0/0
   221 | D:1      | Found Deprofom's Antique Weapon Boutique.
   396 | D:1      | Reached XP level 2. HP: 26/27 MP: 1/1
   781 | D:2      | Reached skill level 3 in Axes
   942 | D:2      | Reached XP level 3. HP: 33/33 MP: 2/2
  1466 | D:3      | Reached skill level 1 in Throwing
  1496 | D:3      | Found a faded altar of an unknown god.
  1543 | D:3      | Reached XP level 4. HP: 25/40 MP: 3/3
  1739 | D:3      | Noticed Jessica
  1753 | D:3      | Killed Jessica
  1754 | D:3      | Reached skill level 4 in Axes
  1786 | D:3      | Noticed Terence
  1791 | D:3      | Killed Terence
  1792 | D:3      | Reached XP level 5. HP: 42/47 MP: 4/4
  2083 | D:3      | Found a runed translucent door.
  2084 | D:3      | Noticed Crazy Yiuf
  2159 | D:4      | Found a glowing drain.
  2169 | Sewer    | Entered a sewer
  2263 | Sewer    | Noticed Pargi
  2267 | Sewer    | Killed Pargi
  2286 | Sewer    | Reached XP level 6. HP: 53/53 MP: 5/5
  2360 | D:4      | Found a hazy altar of Hepliaklqana.
  2446 | D:4      | Found Ylaposad's Weapon Boutique.
  2449 | D:4      | Reached skill level 5 in Axes
  2526 | D:4      | Found Yliell's Weapon Shop.
  2815 | D:4      | Found Zavvorr's Jewellery Emporium.
  2892 | D:4      | Found Ikhluyro's Magic Scroll Shop.
  2898 | D:4      | Bought a scroll of identify for 24 gold pieces
  3031 | D:4      | Found Saown's Assorted Antiques.
  3548 | D:5      | Entered Level 5 of the Dungeon
  3561 | D:5      | Reached skill level 5 in Fighting
  3561 | D:5      | Reached skill level 5 in Armour
  3561 | D:5      | Reached skill level 5 in Shields
  3600 | D:5      | Found a sacrificial altar of Ru.
  3611 | D:5      | Reached XP level 7. HP: 61/61 MP: 6/6
  3643 | D:5      | HP: 1/61 [scorpion (4)]
  3646 | D:5      | Reached skill level 6 in Axes
  3821 | D:5      | Noticed Eustachio
  3830 | D:5      | Killed Eustachio
  4064 | D:5      | Reached XP level 8. HP: 61/70 MP: 7/7
  4066 | D:5      | Reached skill level 7 in Axes
  4386 | D:5      | HP: 1/70 [ogre/+0 giant club (26)]
  4391 | D:5      | Reached skill level 8 in Axes
  5153 | D:6      | Found a shimmering altar of Xom.
  5156 | D:6      | Found a white marble altar of Elyvilon.
  5156 | D:6      | Found an ornate altar of the Wu Jian Council.
  5166 | D:6      | Noticed Grinder
  5169 | D:6      | Paralysed by Grinder for 3 turns
  5177 | D:6      | Reached XP level 9. HP: 69/78 MP: 8/8
  5182 | D:6      | Killed Grinder
  5334 | D:6      | Reached skill level 9 in Axes
  5415 | D:6      | Noticed Pikel
  5425 | D:6      | Killed Pikel
  5426 | D:6      | Reached skill level 5 in Throwing
  5715 | D:6      | Found a staircase to the Ecumenical Temple.
  5739 | Temple   | Entered the Ecumenical Temple
  5748 | Temple   | Became a worshipper of Warmaster Okawaru
  5814 | D:6      | Reached skill level 10 in Axes
  5986 | D:6      | Found a basalt altar of Yredelemnul.
  6057 | D:6      | Reached skill level 1 in Invocations
  6238 | D:6      | Found a glowing golden altar of the Shining One.
  6240 | D:6      | Noticed an angel
  6621 | D:7      | Reached * piety under Okawaru
  6704 | D:7      | Reached XP level 10. HP: 67/88 MP: 8/10
  7530 | D:8      | Found a blossoming altar of Fedhas.
  7830 | D:8      | Reached ** piety under Okawaru
  7838 | D:8      | Reached skill level 11 in Axes
  8314 | D:9      | Noticed Erica
  8324 | D:9      | Killed Erica
  8434 | D:9      | Found an ancient bone altar of Kikubaaqudgha.
  8435 | D:9      | Noticed Psyche
  8453 | Abyss:1  | Cast into level 1 of the Abyss (Psyche)
  8670 | Abyss:1  | Noticed a sixfirhy
  8674 | Abyss:1  | Noticed a demonic crawler
  8681 | Abyss:1  | Killed a sixfirhy
  8681 | Abyss:1  | Reached *** piety under Okawaru
  8682 | Abyss:1  | Reached XP level 11. HP: 53/95 MP: 9/12
  8682 | Abyss:1  | Noticed a red draconian
  8698 | Abyss:1  | HP: 4/95 [demonic crawler (8)]
  8700 | Abyss:1  | Mangled by a demonic crawler

Illustrated notes

Levels and vault maps discovered:
D:1:      evilmike_arrival_grusome_pit, layout_loops_ring, serial_shops,
          shop_statue
D:2:      layout_basic, st_stairs_11, minmay_box_of_dots
D:3:      layout_rooms, basic_ecumenical_altar, uniq_terence,
          uniq_crazy_yiuf_cottage, uniq_jessica
D:4:      layout_loops_corners, mainiacjoe_overflow_small_starburst,
          gup_sewer_entry_pipe, serial_shops, shop, shop,
          nicolae_shop_waterfront, nicolae_shop_bloodbath_and_beyond,
          kennysheep_little_box
D:5:      minmay_razor_zed, layout_basic, mainiacjoe_overflow_alcove_2,
          minmay_parallelograms, uniq_eustachio
D:6:      layout_loops_corners, grunt_temple_overflow_holy_war,
          grunt_temple_overflow_open, minmay_temple_entry_junction,
          hangedman_abyss_or_decor_stabs, uniq_grinder, uniq_pikel
D:7:      layout_cave_pods
D:8:      layout_rooms, fedhas_altar_2, st_stairs_14
D:9:      layout_long_grid, amcnicky_altar_gilded, uniq_erica, uniq_psyche,
          uniq_grum
Temple:   cyrus_circular_temple
Abyss:1:  base:
Temple

Skill      XL: |  1  2  3  4  5  6  7  8  9 10 |
---------------+-------------------------------+-----
Axes           | 3 4 5 6 8 10 11 | 11.7
Fighting       | 4 5 6 7 8 |  8.9
Shields        | 4 5 6 7 8 |  8.9
Throwing       | 1 2 3 4 5 6 |  6.6
Armour         | 4 5 6 7 8 |  8.9
Invocations    | 1 3 |  3.6

Action                   |  1- 3 |  4- 6 |  7- 9 | 10-12 || total
-------------------------+-------+-------+-------+-------++-------
Melee: War axe           |    70 |   121 |   216 |   178 ||   585
       Headbutt          |    14 |    18 |    38 |    44 ||   114
       Unarmed           |       |       |       |     9 ||     9
Throw: Boomerang         |     1 |    26 |       |     1 ||    28
Invok: Heroism           |       |       |     1 |     3 ||     4
  Use: Scroll            |     3 |     9 |     6 |     3 ||    21
       Potion            |       |       |     2 |     1 ||     3
Armor: Scale mail        |    45 |    48 |       |       ||    93
       Chain mail        |       |     7 |   224 |       ||   231
       Plate armour      |       |       |       |   136 ||   136
       Skin              |       |       |       |     3 ||     3
Dodge: Dodged            |    36 |    48 |   135 |    84 ||   303
Block: Buckler           |    27 |    25 |    81 |    73 ||   206

Table legend: (Time is in decaauts)
 A = Elapsed time spent in this place.
 B = Non-inter-level travel time spent in this place.
 C = Inter-level travel time spent in this place.
 D = Time resting spent in this place.
 E = Time spent auto-exploring this place.
 F = Levels seen in this place.
 G = Mean time per level.
                   A        B        C        D        E       F      G
               +--------+--------+--------+--------+--------+-----+--------+
         Total |   8809 |   8479 |    330 |    525 |   5583 |  12 |  734.1 |
       Dungeon |   8349 |   8019 |    330 |    409 |   5514 |   9 |  927.7 |
        Temple |     57 |     57 |      0 |      0 |     26 |   1 |   57.0 |
         Abyss |    237 |    237 |      0 |    116 |      0 |   1 |  237.0 |
         Sewer |    165 |    165 |      0 |      0 |     43 |   1 |  165.0 |
               +--------+--------+--------+--------+--------+-----+--------+

Top non-repeatable levels by time:
     D:5: 1538 daAuts
     D:6: 1364 daAuts
     D:4: 1232 daAuts
     D:7: 1079 daAuts
     D:3: 745 daAuts
     D:1: 740 daAuts
     D:2: 738 daAuts
     D:8: 574 daAuts
     D:9: 334 daAuts
 Abyss:1: 237 daAuts
   Sewer: 165 daAuts
  Temple: 57 daAuts
